 Dungeon Crawl Stone Soup version 0.28.0-53-g5a82cb258f (webtiles) character file.

Game seed: 16478480378043799150

47 Zeld the Conjurer (level 3, -1/19 HPs)
             Began as a Gargoyle Conjurer on June 2, 2022.
             Slain by a scorpion (4 damage)
             ... on level 3 of the Dungeon.
             The game lasted 00:03:01 (2629 turns).

Zeld the Conjurer (Gargoyle Conjurer)               Turns: 2629, Time: 00:03:01

Health: -1/19      AC:  5    Str: 10    XL:     3   Next: 70%
Magic:  5/6        EV: 11    Int: 20    God:
Gold:   63         SH:  0    Dex:  8    Spells: 4/7 levels left

rFire   . . .      SeeInvis .   d - +2 war axe (vorpal)
rCold   . . .      Faith    .   (no shield)
rNeg    + . .      Spirit   .   a - +0 robe
rPois   ∞          Reflect  .   (no helmet)
rElec   +          Harm     .   (no cloak)
rCorr   .          Rampage  .   (no gloves)
Will    .....                   (no boots)
Stlth   ++........              (no amulet)
HPRegen 0.06/turn               (no ring)
MPRegen 0.10/turn               (no ring)

@: no status effects
A: sickness immunity, AC +3, negative energy resistance 1, electricity
resistance, torment resistance 1, petrification resistance
a: no special abilities


You were on level 3 of the Dungeon.
You visited 1 branch of the dungeon, and saw 3 of its levels.

You collected 63 gold pieces.

Inventory:

Hand Weapons
 d - a +2 vorpal war axe (weapon)
Armour
 a - a +0 robe (worn)
Scrolls
 b - 3 scrolls of identify {unknown}
 e - 2 scrolls of enchant weapon {unknown}
 f - a scroll of fog {unknown}
 g - a scroll of teleportation {unknown}
 i - a scroll of amnesia {unknown}
Potions
 c - 2 potions of curing {unknown}
 h - a potion of magic {unknown}
 j - a potion of brilliance {unknown}


   Skills:
 - Level 1.5 Dodging
 + Level 2.5 Stealth
 * Level 2.5 Spellcasting
 + Level 4.6 Conjurations
 * Level 1.1 Hexes
 * Level 1.3 Translocations


You had 4 spell levels left.
You knew the following spells:

 Your Spells              Type           Power      Damage    Failure   Level
a - Magic Dart            Conj           80%        1d7       2%          1
b - Searing Ray           Conj           40%        2d5       3%          2

Your spell library contained the following spells:

 Spells                   Type           Power      Damage    Failure   Level
 Dazzling Flash           Conj/Hex       28%        N/A       14%         3
 Tukima's Dance           Hex            7%         N/A       28%         3
 Fulminant Prism          Conj/Hex       7%         3d7       41%         4
 Iskenderun's Mystic Bla  Conj/Tloc      14%        2d5       41%         4
 Passage of Golubria      Tloc           7%         N/A       65%         4
 Yara's Violent Unravell  Hex/Tmut       2%         3d3       97%         5


Dungeon Overview and Level Annotations

Branches:
Dungeon (3/15)

Altars:


Innate Abilities, Weirdness & Mutations

You are immune to sickness and miasma.
Your stone body is resilient. (AC +3)
You are immune to poison.
You resist negative energy. (rN+)
You are resistant to electric shocks. (rElec)
You are resistant to unholy torment.
You are immune to petrification.


Message History

A giant cockroach is nearby!
Search for what [Enter for "armor", or ? for help]?
Things that are here:
2 stones; a +0 whip; a kobold corpse The giant cockroach closely misses you.
Things that are here:
a +0 club; a goblin corpse You slash the giant cockroach!
You kill the giant cockroach!
No target in view!
You see here a giant cockroach corpse.
HP restored.
A worm comes into view.
A worm is nearby!
A worm is nearby!
Found a mace.
Found a scroll labelled TOMYRERATI.
A scorpion comes into view.
Found 4 gold pieces.
You slash the worm!
The worm is severely wounded.
The worm bites you! The worm barely misses you.
You hit the worm.
The worm is severely wounded.
The scorpion stings you. The worm bites you but does no damage.
You are too injured to fight recklessly!
The scorpion stings you.
* * * LOW HITPOINT WARNING * * *
The worm barely misses you. The scorpion closely misses you.
Casting: Magic Dart (safe; 2% risk of failure)
Confirm with . or Enter, or press ? or * to list all spells.
Aiming: Magic Dart (safe; 2% risk of failure)
Press: ? - help, Shift-Dir - straight line, f - worm
Aim: a worm (heavily wounded, 100% to hit)
The magic dart hits the scorpion.
The scorpion is moderately wounded.
The scorpion stings you.
You die...

# #....# #.
#)...#
#.#.#####†...#
#............#
#............#
#............#
...........####
>##........####
##.####@....#
#. #s....#
##+####w....#
............#
............#
.........)..+
.........?..#
............#
............#


You could see a worm and a scorpion.

Vanquished Creatures
  An adder (D:2)
  2 ball pythons
  2 endoplasms (D:1)
  2 giant cockroaches
  6 goblins
  3 hobgoblins
  3 jackals (D:1)
  4 kobolds
  4 quokkas
  2 bats (D:1)
  3 rats (D:1)
32 creatures vanquished.

Vanquished Creatures (others)
  3 plants (D:1)
3 creatures vanquished.

Grand Total: 35 creatures vanquished

Notes
Turn   | Place    | Note
-------+----------+-------------------------------------------
     0 | D:1      | Zeld the Gargoyle Conjurer began the quest for the Orb.
     0 | D:1      | Reached XP level 1. HP: 10/10 MP: 3/3
   281 | D:1      | Reached XP level 2. HP: 11/15 MP: 5/5
   470 | D:1      | Found a faded altar of an unknown god.
   707 | D:1      | Learned a level 2 spell: Searing Ray
  1021 | D:1      | Reached XP level 3. HP: 18/19 MP: 6/6
  1582 | D:2      | Reached skill level 1 in Translocations
  1682 | D:2      | Reached skill level 1 in Hexes
  2621 | D:3      | Noticed a scorpion
  2629 | D:3      | Slain by a scorpion

Illustrated notes

Levels and vault maps discovered:
D:1:      onia_arrival_pentagram, layout_basic, ebering_ecumenical_altar_webs,
          serial_bayou_lagoon_a, nrook_mini_vaults
D:2:      layout_basic
D:3:      layout_basic, serial_shops, shop

Skill      XL: |  1  2  3 |
---------------+----------+-----
Translocations | 1 |  1.3
Hexes          | 1 |  1.1
Dodging        | |  1.5
Stealth        | |  2.5
Spellcasting   | |  2.5
Conjurations   | |  4.6

Action                   || total
-------------------------++-------
Melee: War axe           ||    70
       Unarmed           ||     2
       Punch             ||     1
 Cast: Magic Dart        ||     7
 Stab: Sleeping          ||     1
Armor: Robe              ||    31
Dodge: Dodged            ||    64
